 Dungeon Crawl Stone Soup version 0.18-a0-822-gb52b7b4 (webtiles) character file.

10040 M4edhros the Covert (level 11, -1/74 HPs)
             Began as an Octopode Artificer on Dec 16, 2015.
             Was a Follower of Fedhas.
             Slain by a freezing wraith (16 damage)
             ... on level 2 of the Abyss.
             The game lasted 00:37:04 (11102 turns).

M4edhros the Covert (Octopode Artificer)           Turns: 11102, Time: 00:37:05

Health: -1/74      AC:  4    Str: 10    XL:     11   Next: 55%
Magic:  0/16       EV: 15    Int: 13    God:    Fedhas [*.....]
Gold:   519        SH:  8    Dex: 14    Spells: 0 memorised, 10 levels left

rFire  + + .     SeeInvis .     m - +3 trident
rCold  . . .     Gourm    .     e - +2 buckler
rNeg   . . .     Faith    .     I - +1 hat
rPois  .         Spirit   +     O - amulet of guardian spirit
rElec  .         Dismiss  .     x - ring of protection from fire
rCorr  .         Reflect  .     B - ring of protection from fire
SustAt .         Harm     .     P - ring of loudness (curse)
MR     .....     Rnd*Rage +     (no ring)
Stlth  ++++......               (no ring)
                                (no ring)
                                (no ring)
                                (no ring)

@: not resistant to hostile enchantments, stealthy
A: almost no armour, amphibious, 8 rings, constrict 8, icy blue scales 1, rugged
brown scales 1, camouflage 1, berserk 2, blurry vision 1, dopey 2, gelatinous
body 1, subdued magic 1
a: Evolution, Renounce Religion


You were on level 2 of the Abyss.
You worshipped Fedhas.
Fedhas was aware of your devotion.
You were not hungry.

You visited 3 branches of the dungeon, and saw 11 of its levels.
You visited the Abyss 1 time.
You also visited: Sewer.

You collected 706 gold pieces.
You spent 187 gold pieces at shops.

Inventory:

Hand Weapons
 a - a +0 short sword
 g - a +1 hand axe of distortion
 m - a +3 trident (weapon)
 w - a +2 hunting sling
 L - the +10 hand crossbow "Daqo" {velocity, rElec rPois MR- Int-5}
   (You bought it in a shop on level 5 of the Dungeon)

   Any bolt fired from it inflicts extra damage.
   It affects your intelligence (-5).
   It insulates you from electricity.
   It protects you from poison.
   It affects your resistance to hostile enchantments.
Missiles
 j - 14 bolts
 t - 44 sling bullets
 u - 15 steel sling bullets
 v - 210 stones (quivered)
 H - 11 poisoned bolts
Armour
 e - a +2 buckler (worn)
 k - a +0 large shield
 I - a +1 hat (worn)
Jewellery
 x - a ring of protection from fire (left tentacle)
 B - a ring of protection from fire (right tentacle)
 E - an uncursed ring of teleportation
 O - an amulet of guardian spirit (around mantle)
 P - a cursed ring of loudness (on tentacle)
Wands
 b - a wand of flame (11)
 c - a wand of enslavement (4)
 d - a wand of random effects (3)
 i - a wand of fire (0)
 z - a wand of fire (2)
 D - a wand of magic darts (11)
 G - a wand of confusion (35)
 M - a wand of enslavement (5)
Scrolls
 n - 3 scrolls of teleportation
 o - a scroll of fog
 y - 3 scrolls of recharging
 A - a scroll of blinking
 F - 3 scrolls of remove curse
 K - a scroll of amnesia
 N - a scroll of immolation
Potions
 p - 2 potions of curing
 q - 4 potions of poison
Books
 l - a book of Beasts

   Spells                             Type                      Level
   a - Summon Butterflies             Summoning                    1
   b - Call Canine Familiar           Summoning                    3
   c - Summon Ice Beast               Ice/Summoning                4
   d - Summon Mana Viper              Hexes/Summoning              5
   e - Summon Hydra                   Summoning                    7
Miscellaneous
 Q - a box of beasts {used: 1}
Comestibles
 f - 4 bread rations
 h - 5 beef jerkies
 s - 3 slices of pizza
 C - a fruit


   Skills:
 - Level 5.5 Fighting
 - Level 1.0 Short Blades
 - Level 6.0 Axes
 * Level 8.1 Slings
 + Level 3.4 Crossbows
 + Level 6.0 Dodging
 + Level 8.7 Stealth
 * Level 7.7 Shields
 + Level 1.8 Invocations
 + Level 7.5 Evocations


You had 10 spell levels left.
You didn't know any spells.

Dungeon Overview and Level Annotations

Branches:
Dungeon (9/15)             Temple (1/1) D:5            Lair (1/8) D:8
    Orc: D:9-12

Altars:
Ashenzari
Cheibriados
Dithmenos
Elyvilon
Fedhas
Gozag
Kikubaaqudgha
Makhleb
Nemelex Xobeh
Okawaru
Pakellas
Qazlal
Ru
Sif Muna
Trog
Vehumet
Xom
Yredelemnul
Zin
The Shining One

Shops:
D:5 (

Annotations:
D:3 Buhirmon's ghost, amateur DEFE


Innate Abilities, Weirdness & Mutations

You cannot wear most types of armour.
You are amphibious.
You can wear up to eight rings at the same time.
You can use your tentacles to constrict eight enemies at once.
Your skin changes colour to match your surroundings (Stealth).
Your rubbery body absorbs attacks (AC +1).
You are partially covered in icy blue scales (AC +1).
You are partially covered in rugged brown scales (AC +1, +3% HP).
You often lose your temper in combat.
Scrolls take you a little longer to read.
You are very dopey. (Int -4)
Your spells are a little easier to cast, but a little less powerful.


Message History

Okay, then.
Unknown command.
Evoke which item? (* to show all) (? for menu, Esc to quit)
Zapping:
c - a wand of enslavement (6)
Press: ? - help, Shift-Dir - straight line, f - freezing wraith
Aim: a freezing wraith (chance to defeat MR: 44%)
The freezing wraith resists with some effort.
This wand has 5 charges left.
The freezing wraith closely misses you. The freezing wraith misses you.
Evoke which item? (* to show all) (? for menu, Esc to quit)
Zapping:
c - a wand of enslavement (5)
Press: ? - help, Shift-Dir - straight line, f/p - freezing wraith
Aim: a freezing wraith (chance to defeat MR: 44%)
The freezing wraith resists with some effort.
This wand has 4 charges left.
The freezing wraith hits you.
* * * LOW HITPOINT WARNING * * *
The freezing wraith freezes you!!
You die...
Xom cackles wildly!
Fedhas appreciates your contribution to the ecosystem.

.# ##.#.# .#
... #?.#.#
v..
...#.W.#.h#
. #.#..#
#.##.
#....###..#.
# . W...#h..
.## .
#..###....
##.W..#
#.#@# #
#####


You could see a freezing wraith and a raiju.

Vanquished Creatures
  A hydra (Lair:1)
  An ugly thing (D:9)
  A sixfirhy (Abyss:2)
  A spiny frog (Lair:1)
  An ice devil (Abyss:2)
  A wyvern (D:8)
  A fire bat (Abyss:2)
  Eustachio (D:4)
  3 yaks
  A basilisk (D:8)
  Menkaure (D:6)
  A water moccasin (D:8)
  A spatial vortex (Abyss:2)
  A large abomination (Abyss:2)
  An orc warrior (D:7)
  4 porcupines
  3 sky beasts
  A centaur (D:4)
  An ice beast (D:8)
  10 ogres
  A phantom (D:5)
  A big kobold (D:8)
  A small abomination (Abyss:2)
  3 crocodiles
  3 giant frogs
  A gnoll sergeant (D:8)
  2 scorpions
  A wandering mushroom (Lair:1)
  2 quasits
  A centaur zombie (D:5)
  8 starcursed masses (Abyss:2)
  A crimson imp (D:5)
  7 hounds
  2 jellies
  3 worker ants
  5 orc priests
  An orc wizard (D:7)
  A giant frog skeleton (D:8)
  2 iguanas
  6 gnolls (D:8)
  10 river rats
  6 adders
  3 shadow imps
  8 oozes
  17 orcs
  12 ball pythons
  11 giant cockroaches
  8 goblins
  12 hobgoblins
  15 jackals
  A quokka (D:9)
  A ball python skeleton (D:5)
  5 bats
  16 giant geckos
  20 giant newts
  10 kobolds
  2 quokka skeletons
  4 rats
  A butterfly (D:5)
  5 plants (D:3)
  A toadstool (Lair:1)
256 creatures vanquished.

Vanquished Creatures (collateral kills)
  Gastronok (Lair:1)
  A komodo dragon (Lair:1)
  3 starcursed masses (Abyss:2)
  A basilisk (Lair:1)
  A giant frog (Lair:1)
  An orc wizard (D:6)
  2 orcs (D:6)
10 creatures vanquished.

Vanquished Creatures (others)
  An oklob plant (Lair:1)
  A raiju (Abyss:2)
  3 yaks (D:8)
  A neqoxec (Abyss:2)
  A sky beast (D:5)
  2 ogres
  An alligator simulacrum (Abyss:2)
  A scorpion (D:6)
  A wandering mushroom (Lair:1)
  A giant frog skeleton (D:9)
  2 small abominations (Abyss:2)
  A worker ant zombie (D:4)
  An ufetubus (Abyss:2)
  An ooze (Sewer)
  3 orcs
  A giant cockroach (D:4)
  3 bushes (Abyss:2)
  2 demonic plants (Abyss:2)
  A fungus (Lair:1)
  5 plants
  49 toadstools
82 creatures vanquished.

Grand Total: 348 creatures vanquished

Notes
Turn   | Place    | Note
--------------------------------------------------------------
     0 | D:1      | M4edhros the Octopode Artificer began the quest for the Orb.
     0 | D:1      | Reached XP level 1. HP: 13/13 MP: 3/3
    90 | D:1      | Reached XP level 2. HP: 12/18 MP: 4/4
   646 | D:2      | Reached XP level 3. HP: 21/23 MP: 5/5
   683 | D:2      | Found a shadowy altar of Dithmenos.
   906 | D:4      | Noticed an ogre
   907 | D:4      | Found a white marble altar of Elyvilon.
   938 | D:4      | Killed an ogre
   938 | D:4      | Reached skill level 1 in Slings
   938 | D:4      | Reached skill level 1 in Shields
   938 | D:4      | Reached XP level 4. HP: 28/28 MP: 6/6
   938 | D:4      | Reached XP level 5. HP: 33/33 MP: 7/7
  1106 | D:4      | Reached skill level 4 in Evocations
  1307 | D:4      | Found a glowing drain.
  1311 | D:4      | Noticed Eustachio
  1381 | Sewer    | Entered a sewer
  1799 | Sewer    | Reached skill level 1 in Axes
  1802 | Sewer    | Reached XP level 6. HP: 35/39 MP: 9/9
  1971 | D:4      | Killed Eustachio
  1971 | D:4      | Reached XP level 7. HP: 37/45 MP: 10/10
  2978 | D:5      | Entered Level 5 of the Dungeon
  3149 | D:5      | Found an iron altar of Okawaru.
  3162 | D:5      | Found a glowing golden altar of the Shining One.
  3163 | D:5      | Found a bloodstained altar of Trog.
  3202 | D:5      | Reached XP level 8. HP: 39/52 MP: 11/11
  3217 | D:5      | Found a radiant altar of Vehumet.
  3219 | D:5      | Found a staircase to the Ecumenical Temple.
  3241 | Temple   | Entered the Ecumenical Temple
  3251 | Temple   | Became a worshipper of Xom the Capricious
  3345 | D:5      | XOM: divination: detect items
  3419 | D:6      | Found an opulent altar of Gozag.
  3668 | D:6      | Gained mutation: You are dopey. (Int -2) [potion of mutation]
  3668 | D:6      | Gained mutation: You are frail (-10% HP). [potion of mutation]
  3668 | D:6      | Gained mutation: Your spells are a little easier to cast, but a little less powerful. [potion of mutation]
  3669 | D:6      | Gained mutation: You are partially covered in rugged brown scales (AC +1, +3% HP). [potion of mutation]
  3669 | D:6      | Gained mutation: You are very dopey. (Int -4) [potion of mutation]
  3732 | D:6      | Found a shattered altar of Ashenzari.
  3791 | D:6      | Noticed Menkaure
  3808 | D:6      | Killed Menkaure
  3854 | D:6      | XOM: harmless Conj miscast
  3998 | D:7      | Found a sacrificial altar of Ru.
  4014 | D:7      | Reached skill level 5 in Evocations
  4022 | D:7      | XOM: harmless Erth miscast
  4041 | D:7      | Reached skill level 5 in Stealth
  4338 | D:6      | XOM: harmless Erth miscast
  4347 | D:7      | XOM: silly message
  4442 | D:7      | You fall through a shaft for 2 floors!
  4456 | D:9      | XOM: potion effect (haste)
  4630 | D:9      | Found an ancient bone altar of Kikubaaqudgha.
  4658 | D:9      | Noticed a cyan ugly thing
  4661 | D:9      | XOM: butterfly on damage
  4762 | D:9      | XOM: stat loss: -1 Int (11/12)
  4812 | D:9      | Killed a cyan ugly thing
  4812 | D:9      | Reached skill level 5 in Slings
  4812 | D:9      | Reached skill level 5 in Shields
  4812 | D:9      | Reached XP level 9. HP: 40/53 MP: 11/13
  4871 | D:8      | Gained mutation: You are partially covered in icy blue scales (AC +1). [potion of beneficial mutation]
  4911 | D:8      | Reached skill level 6 in Stealth
  4931 | D:8      | XOM: silly message
  5119 | D:7      | Reached skill level 5 in Axes
  5590 | D:3      | XOM: enchant monster (bad)
  5893 | D:3      | XOM: draining
  6067 | D:3      | Noticed Buhirmon's ghost (amateur DEFE)
  6725 | D:5      | Found a burning altar of Makhleb.
  6731 | D:5      | XOM: give mutations
  6731 | D:5      | Gained mutation: Scrolls take you a little longer to read. [Xom's mischief]
  6731 | D:5      | Lost mutation: You are frail (-10% HP). [Xom's mischief]
  6731 | D:5      | Gained mutation: Your body sometimes deteriorates upon taking damage. [Xom's mischief]
  6731 | D:5      | Gained mutation: You tend to lose your temper in combat. [Xom's mischief]
  6849 | D:5      | Found a blossoming altar of Fedhas.
  6890 | D:5      | Fell from the grace of Xom
  6890 | D:5      | Became a worshipper of Fedhas Madash
  6916 | D:5      | Found Uxais's Antique Weapon Shoppe.
  6924 | D:5      | Bought a bone hand crossbow for 187 gold pieces
  7315 | D:7      | Found a snail-covered altar of Cheibriados.
  7395 | D:8      | XOM: give mutations
  7395 | D:8      | Lost mutation: Scrolls take you a little longer to read. [Xom's mischief]
  7727 | D:8      | Found a sparkling altar of Nemelex Xobeh.
  7731 | D:8      | Reached XP level 10. HP: 41/66 MP: 14/14
  7922 | D:8      | XOM: give mutations
  7922 | D:8      | Lost mutation: Your body sometimes deteriorates upon taking damage. [Xom's mischief]
  7922 | D:8      | Gained mutation: Scrolls take you a little longer to read. [Xom's mischief]
  8032 | D:8      | Found a staircase to the Lair.
  8036 | D:8      | XOM: medium Hex miscast
  8059 | D:8      | Identified the +10 hand crossbow "Daqo" {velocity, rElec rPois MR- Int-5} (You bought it in a shop on level 5 of the Dungeon)
  8094 | D:8      | Reached skill level 7 in Stealth
  8391 | D:8      | Reached skill level 1 in Crossbows
  8457 | D:8      | Reached * piety under Fedhas
  8460 | D:8      | Reached skill level 5 in Dodging
  8521 | D:8      | Reached skill level 5 in Fighting
  8559 | D:8      | Gained mutation: You often lose your temper in combat. [mutagenic meat]
  8591 | Lair:1   | Entered Level 1 of the Lair of Beasts
  8696 | Lair:1   | Noticed Gastronok
  8722 | Lair:1   | Killed Gastronok
  8854 | Lair:1   | Reached skill level 8 in Stealth
  8930 | Lair:1   | Reached XP level 11. HP: 66/74 MP: 16/16
  8932 | Lair:1   | Noticed a five-headed hydra
  9079 | Lair:1   | XOM: torment (23/74 hp)
  9091 | Lair:1   | XOM: medium Ice miscast
  9123 | Lair:1   | Killed a 12-headed hydra
  9643 | D:8      | Cast into level 2 of the Abyss (a distortion unwield)
  9643 | Abyss:2  | Found a corrupted altar of Lugonu.
  9676 | Abyss:2  | Noticed a starcursed mass
  9680 | Abyss:2  | XOM: enchant monster (bad)
  9684 | Abyss:2  | Paralysed by accursed screaming for 1 turns
 10091 | Abyss:2  | XOM: summons 1 hostile demon
 10198 | Abyss:2  | XOM: medium Chrm miscast
 10276 | Abyss:2  | Reached skill level 1 in Invocations
 10305 | Abyss:2  | Noticed a deep elf knight
 10310 | Abyss:2  | Noticed a deep elf mage
 10344 | Abyss:2  | Noticed a starcursed mass
 10354 | Abyss:2  | Noticed a brown very ugly thing
 10410 | Abyss:2  | Noticed a starcursed mass
 10434 | Abyss:2  | Paralysed by accursed screaming for 1 turns
 10437 | Abyss:2  | Killed a starcursed mass
 10439 | Abyss:2  | Killed a starcursed mass
 10488 | Abyss:2  | Noticed a titan zombie
 10502 | Abyss:2  | Noticed a starcursed mass
 10688 | Abyss:2  | Noticed a starcursed mass
 10769 | Abyss:2  | Noticed a large abomination
 10790 | Abyss:2  | Noticed a starcursed mass
 10911 | Abyss:2  | XOM: mild Summ miscast
 11024 | Abyss:2  | XOM: mild Trmt miscast
 11102 | Abyss:2  | Slain by a freezing wraith

Vault maps used:
D:1:      dpeg_arrival_stonehenge_12_columns, hangedman_decor_push
D:2:      grunt_dithmenos_smoke
D:3:      first_bread, serial_bayou, serial_bayou_crossing, serial_bayou_pond_d,
          serial_bayou_lake_a, serial_bayou_pond_a, serial_bayou_lagoon_a,
          serial_bayou_shore_a
D:4:      gup_sewer_entry_glass, lemuel_statue_altar, uniq_eustachio
D:5:      vehumet_altar_wand_db, makhleb_heckhound_becter, minitemple,
          kennysheep_mini_moat, minmay_temple_entry_butterflies, serial_shops,
          nicolae_shop_crystal
D:6:      overflow_temple_1_default, lemuel_coloured_pillars_altar,
          mrwooster_statue_mirror, uniq_menkaure
D:7:      lemuel_round_altar, marbit_many_paths
D:8:      old_standard_altar, minmay_lair_entry_grove,
          nicolae_ossuary_entry_monument
D:9:      nicolae_overflow_crystal_walls, grunt_livestock, minivault_1
Temple:   nicolae_temple_great_sept
Lair:1:   uniq_gastronok
Sewer:    sewer_frog_island_02

Action                   |  1- 3 |  4- 6 |  7- 9 | 10-12 || total
-------------------------+-------+-------+-------+-------++-------
Melee: Hand axe          |    57 |    91 |   294 |   160 ||   602
       Trident           |       |       |       |    47 ||    47
 Fire: Hand crossbow     |       |       |       |    22 ||    22
Invok: Evolution         |       |       |       |     5 ||     5
Evoke: Wand              |       |       |    22 |    20 ||    42
       Box of beasts     |       |       |       |     1 ||     1
  Use: Scroll            |       |       |    15 |    10 ||    25
       Potion            |       |       |    13 |     8 ||    21
 Stab: Sleeping          |     9 |    16 |    28 |     9 ||    62
       Distracted        |       |       |     1 |     2 ||     3
  Eat: Chunk             |       |     4 |     9 |     2 ||    15
       Meat ration       |       |       |     2 |     2 ||     4
       Bread ration      |       |       |       |     1 ||     1
       Pizza             |       |       |       |     1 ||     1
       Beef jerky        |       |       |       |     1 ||     1
